Map: Dusty Gorge

Players

COMMODORE - Winner!

  • Race: Terran Terran
  • Spawn Location: 11:00

Adversity - Winner!

  • Race: Terran Terran
  • Spawn Location: 9:00

Knight

  • Race: Terran Terran
  • Spawn Location: 3:00

Rome

  • Race: Zerg Zerg
  • Spawn Location: 5:00

VOD

Have the link to the VOD?

Description

Time

  • Played on: Sept. 2, 2018, 6:37 p.m.
  • Length: 5:26
Show
View Real Time Build Order
Export as new Build Order

COMMODORE Terran - Winner!

Build Orders: Cyclone Opening 

Get SALT Encoding   

  12  0:01  SCV  
  13  0:13  SCV  
  14  0:21  Refinery  
  14  0:25  SCV  
  15  0:38  Supply Depot  
  15  0:59  SCV  
  15  1:01  Barracks  
  16  1:10  Supply Depot  
  16  1:12  SCV  
  16  1:14  Refinery  
  17  1:25  SCV  
  18  1:37  SCV  
  19  1:49  Factory  
  19  1:56  Orbital Command  
  19  1:57  Barracks Reactor  
  19  2:29  SCV  
  20  2:42  Cyclone  
  20  2:43  Cyclone  
  26  2:44  Barracks Tech Lab  
  26  2:45  SCV  
  26  2:49  Supply Depot  
  27  2:57  SCV  
  28  3:15  Cyclone x2  
  28  3:18  SCV  
  35  3:33  SCV  
  36  3:39  Command Center  
  36  3:45  SCV  
  37  4:44  Cyclone  
  37  4:49  SCV  
  37  4:50  Supply Depot  
  37  4:51  Cyclone, Starport  
  41  5:01  SCV  
  42  5:13  SCV  
Show
View Real Time Build Order
Export as new Build Order

Adversity Terran - Winner!

Build Orders:  

Get SALT Encoding   

  12  0:01  SCV  
  13  0:14  SCV  
  14  0:19  Supply Depot  
  14  0:26  SCV  
  15  0:30  Refinery  
  15  0:41  SCV  
  16  0:48  Barracks  
  16  0:53  SCV  
  17  1:03  Barracks  
  17  1:16  Barracks  
  17  1:21  SCV  
  18  1:38  Reaper  
  18  1:39  Orbital Command  
  19  1:47  Refinery  
  19  1:50  Reaper  
  20  2:00  Supply Depot  
  20  2:04  Reaper  
  21  2:08  SCV  
  21  2:13  Reaper  
  23  2:21  SCV  
  24  2:23  Reaper  
  24  2:27  Supply Depot  
  25  2:40  Reaper  
  26  2:46  Reaper  
  27  2:58  Reaper  
  27  3:01  SCV  
  27  3:05  Command Center  
  28  3:17  Reaper  
  29  3:21  Reaper  
  29  3:22  SCV  
  31  3:36  Reaper  
  31  3:37  SCV  
  33  3:51  Reaper  
  34  3:56  SCV, Command Center  
  36  4:10  Barracks Tech Lab  
  36  4:12  SCV  
  36  4:13  Engineering Bay  
  37  4:24  SCV  
  38  4:36  Barracks Reactor  
  38  4:37  Marine  
  38  4:40  Factory  
  38  4:42  SCV  
  38  4:43  Orbital Command  
  38  4:45  Missile Turret  
  38  5:00  SCV  
  38  5:01  Marine x2  
  41  5:10  SCV  
  41  5:12  SCV  
  44  5:22  Missile Turret  
Show
View Real Time Build Order
Export as new Build Order

Knight Terran 

Build Orders: Cyclone Opening 

Get SALT Encoding   

  12  0:01  SCV  
  13  0:13  SCV  
  14  0:18  Supply Depot  
  14  0:26  SCV  
  15  0:30  Refinery  
  15  0:44  Barracks  
  15  0:47  SCV  
  16  0:57  Refinery  
  16  1:00  SCV  
  17  1:14  SCV  
  18  1:32  Reaper  
  19  1:33  Orbital Command  
  19  1:37  Factory  
  19  1:52  Supply Depot  
  19  2:02  SCV  
  19  2:05  Barracks Reactor  
  20  2:16  Bunker  
  20  2:23  Cyclone  
  20  2:29  SCV  
  24  2:42  SCV  
  25  2:48  Marine x2  
  27  2:57  SCV  
  28  3:00  Factory Tech Lab  
  28  3:03  Starport  
  28  3:09  SCV  
  29  3:23  Supply Depot  
  29  3:49  Supply Depot  
  29  3:50  Supply Depot  
  26  4:40  Factory Tech Lab  
  26  4:57  SCV  
  30  5:09  SCV  
Show
View Real Time Build Order
Export as new Build Order

Rome Zerg 

Build Orders: Hatch First 

Get SALT Encoding   

  12  0:02  Drone  
  13  0:13  Overlord  
  13  0:19  Drone  
  14  0:32  Drone  
  14  0:33  Drone  
  16  0:36  Drone  
  17  0:55  Hatchery  
  16  0:58  Drone  
  16  1:01  Drone  
  18  1:13  Extractor  
  18  1:18  Spawning Pool  
  16  1:22  Drone  
  16  1:23  Drone  
  18  1:30  Drone  
  19  1:42  Overlord  
  19  2:04  Queen  
  19  2:05  Zergling x2  
  19  2:06  Zergling x2  
  19  2:07  Queen  
  25  2:14  Metabolic Boost  
  25  2:19  Drone  
  25  2:20  Zergling x4  
  28  2:32  Overlord  
  28  2:41  Queen  
  29  2:55  Zergling x10  
  34  3:10  Drone  
  36  3:12  Drone  
  36  3:13  Drone x4  
  40  3:24  Overlord  
  40  3:26  Overlord  
  40  3:34  Zergling x4  
  40  3:41  Zergling x4  
  44  3:49  Roach Warren  
  44  3:55  Overlord  
  43  3:58  Zergling x6  
  46  4:13  Overlord x2  
  46  4:16  Zergling x6  
  40  4:32  Zergling x12  
  43  4:41  Roach x3  
  39  4:55  Roach  
  39  4:56  Roach  
  37  5:07  Roach x2  
Tags
 
Add a new tag
Caveats
  • Supply blocks, unpowered buildings, or Contaminate may cause inaccurate times.
  • Supply counts are checked every 10 seconds.